PINL
FARGO BREWMASTERS @ MINOT JETS
07/23/1982
 
TOP OF THE 1ST
Fargo Brewmasters batting - Pitching for Minot Jets : RHP Ozzie Canseco
Pitching: RHP Ozzie Canseco
Batting: SHB Angel Escobar 0-0: Foul Ball, location: 2F
0-1: Ball
1-1: Called Strike
1-2: Strikes out swinging
Batting: LHB Victor Fernandez 0-0: Swinging Strike
0-1: Foul Ball, location: 2F
0-2: Ball
1-2: Ground out 4-3 (Groundball, 4, EV 86.9 MPH)
Batting: RHB Forace Oxendine 0-0: Swinging Strike
0-1: Ball
1-1: Ground out 4-3 (Groundball, 4, EV 100.0 MPH)
Top of the 1st over - 0 runs, 0 hits, 0 errors, 0 left on base; Fargo 0 - Minot 0
BOTTOM OF THE 1ST
Minot Jets batting - Pitching for Fargo Brewmasters : RHP Steven Stone
Pitching: RHP Steven Stone
Batting: RHB Tony Beal 0-0: Swinging Strike
0-1: SINGLE (Groundball, 56D, EV 100.6 MPH)
Batting: RHB William Phillips 0-0: Foul Ball, location: 2F
0-1: Ball
1-1: Swinging Strike
1-2: Foul Ball, location: 2F
1-2: Ball
2-2: Fly out, F6 (Popup, 4M, EV 50.0 MPH)
Batting: LHB Douglas Reibel 0-0: Ball
1-0: Ball
2-0: Ball
3-0: Called Strike
3-1: Base on Balls
Tony Beal to second
Batting: RHB Roberto Balaguer 0-0: Called Strike
0-1: Ball
1-1: Foul Ball, location: 2F
1-2: Ball
2-2: Ball
3-2: DOUBLE (Flyball, 78XD, EV 106.9 MPH)
Tony Beal scores
Douglas Reibel to third
Batting: RHB David Griego 0-0: Ball
1-0: SINGLE (Line Drive, 78M, EV 99.4 MPH)
Douglas Reibel scores
Roberto Balaguer to third
Runner from 3rd tries for Home, SAFE, throw by CF to home
Batting: RHB Brad Jones 0-0: Ball
1-0: Swinging Strike
1-1: Fly out, F7 (Flyball, 7S, EV 90.0 MPH)
Batting: RHB Rich Thompson 0-0: Called Strike
0-1: Ball
1-1: Ball
2-1: Called Strike
2-2: SINGLE (Groundball, 6MS, EV 70.6 MPH) (infield hit)
David Griego to second
Batting: RHB Jesus Aybar 0-0: Reached via error on a dropped throw from SS, E4 (Groundball, 56D, EV 87.5 MPH)
David Griego to third
Rich Thompson to second
Batting: RHB Hugo Olivas 0-0: Ball
1-0: Foul Ball, location: 2F
1-1: Ground out 5-3 (Groundball, 56S, EV 69.4 MPH)
Bottom of the 1st over - 3 runs, 4 hits, 1 error, 3 left on base; Fargo 0 - Minot 3
TOP OF THE 2ND
Fargo Brewmasters batting - Pitching for Minot Jets : RHP Ozzie Canseco
Batting: RHB Dick E Scott 0-0: Ball
1-0: Ball
2-0: Ball
3-0: Base on Balls
Batting: RHB Gus Polidor 0-0: Ball
1-0: Ball
2-0: Foul Ball, location: 2F
2-1: Fielders Choice at 2nd, 5-4 (Groundball, 56S, EV 79.4 MPH)
Batting: RHB Juan Picart 0-0: Ball
1-0: Ball
2-0: Ball
3-0: Base on Balls
Gus Polidor to second
Batting: SHB Elton Hooker 0-0: Called Strike
0-1: Ball
1-1: Called Strike
1-2: Foul Ball, location: 2F
1-2: Ball
2-2: Fielders Choice at 2nd, 3-6 (Groundball, 34, EV 82.5 MPH)
Gus Polidor to third
Batting: RHB Adolph Crump 0-0: Ball
1-0: Called Strike
1-1: Fielders Choice at 2nd, 6-4 (Groundball, 6, EV 81.3 MPH)
Top of the 2nd over - 0 runs, 0 hits, 0 errors, 2 left on base; Fargo 0 - Minot 3
BOTTOM OF THE 2ND
Minot Jets batting - Pitching for Fargo Brewmasters : RHP Steven Stone
Batting: RHB Tony Beal 0-0: Ball
1-0: Swinging Strike
1-1: Ball
2-1: Called Strike
2-2: Fly out, F9 (Flyball, 89S, EV 75.6 MPH)
Batting: RHB William Phillips 0-0: Swinging Strike
0-1: Ball
1-1: Ground out 6-3 (Groundball, 6, EV 79.4 MPH)
Batting: LHB Douglas Reibel 0-0: Ground out 5-3 (Groundball, 56, EV 101.3 MPH)
Bottom of the 2nd over - 0 runs, 0 hits, 0 errors, 0 left on base; Fargo 0 - Minot 3
TOP OF THE 3RD
Fargo Brewmasters batting - Pitching for Minot Jets : RHP Ozzie Canseco
Batting: RHB Randall Thorpe 0-0: Ball
1-0: Ball
2-0: Ball
3-0: Base on Balls
Batting: SHB Angel Escobar 0-0: Called Strike
0-1: Ball
1-1: Fly out, F7 (Flyball, 7, EV 96.9 MPH)
Batting: LHB Victor Fernandez 0-0: Ball
1-0: Called Strike
1-1: Foul Ball, location: 2F
1-2: Fly out, F7 (Flyball, 7LM, EV 90.0 MPH)
Batting: RHB Forace Oxendine 0-0: Ball
1-0: Ball
2-0: Ball
3-0: Base on Balls
Randall Thorpe to second
Batting: RHB Dick E Scott 0-0: Ball
1-0: Called Strike
1-1: Ball
2-1: Ball
3-1: Foul Ball, location: 2F
3-2: Fly out, F4 (Line Drive, 4, EV 70.6 MPH)
Top of the 3rd over - 0 runs, 0 hits, 0 errors, 2 left on base; Fargo 0 - Minot 3
BOTTOM OF THE 3RD
Minot Jets batting - Pitching for Fargo Brewmasters : RHP Steven Stone
Batting: RHB Roberto Balaguer 0-0: Ball
1-0: Ball
2-0: SINGLE (Groundball, 6D, EV 96.9 MPH)
Batting: RHB David Griego 0-0: Fly out, F8 (Flyball, 78S, EV 90.6 MPH)
Batting: RHB Brad Jones 0-0: Called Strike
0-1: Ground out 4-3 (Groundball, P, EV 91.9 MPH)
Roberto Balaguer to second
Batting: RHB Rich Thompson 0-0: Foul Ball, location: 2F
0-1: Ball
1-1: Ball
2-1: Swinging Strike
2-2: Strikes out looking
Bottom of the 3rd over - 0 runs, 1 hit, 0 errors, 1 left on base; Fargo 0 - Minot 3
TOP OF THE 4TH
Fargo Brewmasters batting - Pitching for Minot Jets : RHP Ozzie Canseco
Batting: RHB Gus Polidor 0-0: Fly out, F7 (Flyball, 78S, EV 84.4 MPH)
Batting: RHB Juan Picart 0-0: Ball
1-0: Ball
2-0: Called Strike
2-1: Foul Ball, location: 2F
2-2: Fly out, F9 (Line Drive, 9, EV 96.9 MPH)
Batting: SHB Elton Hooker 0-0: Ball
1-0: Ball
2-0: Called Strike
2-1: Ball
3-1: Ground out 6-3 (Groundball, 6M, EV 88.1 MPH)
Top of the 4th over - 0 runs, 0 hits, 0 errors, 0 left on base; Fargo 0 - Minot 3
BOTTOM OF THE 4TH
Minot Jets batting - Pitching for Fargo Brewmasters : RHP Steven Stone
Batting: RHB Jesus Aybar 0-0: Foul Ball, location: 2F
0-1: Ground out 6-3 (Groundball, 6, EV 80.6 MPH)
Batting: RHB Hugo Olivas 0-0: SINGLE (Flyball, 78S, EV 91.3 MPH)
Batting: RHB Tony Beal 0-0: Ball
1-0: Ball
2-0: Called Strike
Pickoff Throw to First - Out! 1-3
2-1: Ground out 6-3 (Groundball, 56D, EV 86.9 MPH)
Bottom of the 4th over - 0 runs, 1 hit, 0 errors, 0 left on base; Fargo 0 - Minot 3
TOP OF THE 5TH
Fargo Brewmasters batting - Pitching for Minot Jets : RHP Ozzie Canseco
Batting: RHB Adolph Crump 0-0: Bunt missed!
0-1: Foul Ball, location: 2F
0-2: Ball
1-2: Fly out, F4 (Popup, 4M, EV 37.5 MPH)
Batting: RHB Randall Thorpe 0-0: Hit by Pitch
Batting: SHB Angel Escobar 0-0: Ball
1-0: Ball
2-0: SINGLE (Line Drive, 78S, EV 98.1 MPH)
Randall Thorpe to second
Runner from 2nd tries for 3rd, SAFE, throw by LF made to third
Batting: LHB Victor Fernandez 0-0: Ball
1-0: Foul Ball, location: 2F
1-1: Ball
2-1: Ball
3-1: Fly out, F9 (Flyball, 9LM, EV 105.0 MPH)
Batting: RHB Forace Oxendine 0-0: Foul Ball, location: 2F
0-1: Ball
1-1: DOUBLE (Line Drive, 9LD, EV 103.8 MPH)
Randall Thorpe scores
Angel Escobar to third
Runner from 3rd tries for Home, SAFE, no throw by RF
Batting: RHB Dick E Scott 0-0: Ball
1-0: SINGLE (Groundball, 6MD, EV 106.9 MPH)
Forace Oxendine to third
Runner from 3rd tries for Home, SAFE, throw by CF to home
Batting: RHB Gus Polidor 0-0: Fielders Choice at 2nd, 5-4 (Groundball, 5L, EV 103.8 MPH)
Top of the 5th over - 3 runs, 3 hits, 0 errors, 1 left on base; Fargo 3 - Minot 3
BOTTOM OF THE 5TH
Minot Jets batting - Pitching for Fargo Brewmasters : RHP Steven Stone
Batting: RHB William Phillips 0-0: Called Strike
0-1: Ground out 2-3 (Groundball, 2R, EV 65.0 MPH)
Batting: LHB Douglas Reibel 0-0: Ball
1-0: Ball
2-0: Ball
3-0: Called Strike
3-1: Called Strike
3-2: Fly out, F9 (Line Drive, 9, EV 87.5 MPH)
Batting: RHB Roberto Balaguer 0-0: Called Strike
0-1: Foul Ball, location: 2F
0-2: Foul Ball, location: 2F
0-2: Strikes out looking
Bottom of the 5th over - 0 runs, 0 hits, 0 errors, 0 left on base; Fargo 3 - Minot 3
TOP OF THE 6TH
Fargo Brewmasters batting - Pitching for Minot Jets : RHP Ozzie Canseco
Batting: RHB Juan Picart 0-0: Ball
1-0: Ball
2-0: Ground out 6-3 (Groundball, 6, EV 87.5 MPH)
Batting: SHB Elton Hooker 0-0: Foul Ball, location: 2F
0-1: Ground out U3 (Groundball, 3, EV 101.9 MPH)
Batting: RHB Adolph Crump 0-0: Called Strike
0-1: Bunt missed!
0-2: Ball
1-2: Ground out 5-3 (Groundball, 56, EV 101.3 MPH)
Top of the 6th over - 0 runs, 0 hits, 0 errors, 0 left on base; Fargo 3 - Minot 3
BOTTOM OF THE 6TH
Minot Jets batting - Pitching for Fargo Brewmasters : RHP Steven Stone
Batting: RHB David Griego 0-0: Ground out 6-3 (Groundball, 6, EV 86.3 MPH)
Batting: RHB Brad Jones 0-0: Called Strike
0-1: SINGLE (Line Drive, 78S, EV 97.5 MPH)
Batting: RHB Rich Thompson 0-0: Called Strike
0-1: SINGLE (Groundball, 6D, EV 105.6 MPH)
Brad Jones to second
Batting: RHB Jesus Aybar 0-0: Fly out, F8 (Flyball, 8LM, EV 81.9 MPH)
Batting: RHB Hugo Olivas 0-0: Ball
1-0: Ball
2-0: Ball
3-0: Called Strike
3-1: Foul Ball, location: 2F
3-2: SINGLE (Line Drive, 78M, EV 101.3 MPH)
Brad Jones to third
Rich Thompson to second
Brad Jones scores
Rich Thompson to third
Batting: RHB Tony Beal 0-0: Ball
1-0: Ball
2-0: Foul Ball, location: 2F
2-1: Called Strike
2-2: Ball
3-2: Strikes out swinging
Bottom of the 6th over - 1 run, 3 hits, 0 errors, 2 left on base; Fargo 3 - Minot 4
TOP OF THE 7TH
Fargo Brewmasters batting - Pitching for Minot Jets : RHP Ozzie Canseco
Batting: RHB Randall Thorpe 0-0: Called Strike
0-1: Foul Ball, location: 2F
0-2: Foul Ball, location: 2F
0-2: Foul Ball, location: 2F
0-2: Ball
1-2: Ground out 5-3 (Groundball, 5, EV 90.6 MPH)
Batting: SHB Angel Escobar 0-0: Called Strike
0-1: Ball
1-1: Ball
2-1: Called Strike
2-2: Foul Ball, location: 2F
2-2: Fly out, F1 (Line Drive, P, EV 69.4 MPH)
Batting: LHB Victor Fernandez 0-0: Called Strike
0-1: Foul Ball, location: 2F
0-2: Ball
1-2: Ground out 5-3 (Groundball, 5, EV 77.5 MPH)
Top of the 7th over - 0 runs, 0 hits, 0 errors, 0 left on base; Fargo 3 - Minot 4
BOTTOM OF THE 7TH
Minot Jets batting - Pitching for Fargo Brewmasters : RHP Steven Stone
Batting: RHB William Phillips 0-0: Ball
1-0: Foul Ball, location: 2F
1-1: Ball
2-1: Ball
3-1: SINGLE (Flyball, 5D, EV 88.8 MPH)
Batting: LHB Douglas Reibel 0-0: Ball
William Phillips is caught stealing 2nd base 2-6
1-0: Ground out 4-3 (Groundball, 4D, EV 102.5 MPH)
Batting: RHB Roberto Balaguer 0-0: Ball
1-0: Called Strike
1-1: Ball
2-1: Foul Ball, location: 2F
2-2: Ball
3-2: Fly out, F7 (Flyball, 7LM, EV 95.0 MPH)
Bottom of the 7th over - 0 runs, 1 hit, 0 errors, 0 left on base; Fargo 3 - Minot 4
TOP OF THE 8TH
Fargo Brewmasters batting - Pitching for Minot Jets : RHP Ozzie Canseco
Batting: RHB Forace Oxendine 0-0: Ball
1-0: Foul Ball, location: 2F
1-1: Foul Ball, location: 2F
1-2: Ball
2-2: Ball
3-2: Base on Balls
Pinch Runner at 1st A.J. Hill:
Pinch Hitting: LHB Bill Englehart 0-0: Ball
1-0: Called Strike
1-1: Ball
2-1: Ball
3-1: Foul Ball, location: 2F
3-2: Foul Ball, location: 2F
3-2: Base on Balls
A.J. Hill to second
Batting: RHB Gus Polidor 0-0: Ball
1-0: Ball
2-0: Ball
3-0: Called Strike
3-1: Foul Ball, location: 2F
3-2: Base on Balls
A.J. Hill to third
Bill Englehart to second
Batting: RHB Juan Picart 0-0: Ball
1-0: Fly out, F7 (Flyball, 7, EV 92.5 MPH)
Runner from 3rd tags up, SCORES, no throw by LF
Batting: SHB Elton Hooker 0-0: Ball
1-0: Called Strike
1-1: SINGLE (Groundball, 4D, EV 111.3 MPH)
Bill Englehart to third
Gus Polidor to second
Runner from 3rd tries for Home, SAFE, throw by CF to home
Batting: RHB Adolph Crump 0-0: Ball
1-0: Called Strike
1-1: Ball
2-1: Called Strike
2-2: Ball
3-2: Foul Ball, location: 2F
3-2: Strikes out looking
Pitching: RHP Guillermo Thomas
Batting: RHB Randall Thorpe 0-0: Fly out, F4 (Flyball, 34D, EV 91.3 MPH)
Top of the 8th over - 2 runs, 1 hit, 0 errors, 2 left on base; Fargo 5 - Minot 4
BOTTOM OF THE 8TH
Minot Jets batting - Pitching for Fargo Brewmasters : RHP Steven Stone
Now at 1B: Lazaro Vilella
Now at 2B: A.J. Hill
Batting: RHB David Griego 0-0: Ball
1-0: Called Strike
1-1: Ball
2-1: Swinging Strike
2-2: Foul Ball, location: 2F
2-2: Strikes out swinging
Batting: RHB Brad Jones 0-0: Fly out, F7 (Flyball, 78M, EV 89.4 MPH)
Batting: RHB Rich Thompson 0-0: Ball
1-0: Called Strike
1-1: Foul Ball, location: 2F
1-2: Ball
2-2: SINGLE (Groundball, 56D, EV 80.6 MPH) (infield hit)
Pinch Hitting: LHB Theodore Milner 0-0: Ball
1-0: Ball
2-0: Foul Ball, location: 2F
2-1: Foul Ball, location: 2F
2-2: Ground out U3 (Groundball, 23, EV 85.0 MPH)
Bottom of the 8th over - 0 runs, 1 hit, 0 errors, 1 left on base; Fargo 5 - Minot 4
TOP OF THE 9TH
Fargo Brewmasters batting - Pitching for Minot Jets : RHP Guillermo Thomas
Now at 3B: Van Starnes
Batting: SHB Angel Escobar 0-0: Ball
1-0: Ball
2-0: Called Strike
2-1: Ball
3-1: Called Strike
3-2: Foul Ball, location: 2F
3-2: Strikes out swinging passed ball, reaches first!
Batting: LHB Victor Fernandez 0-0: Sac Bunt to 25 - play at first, batter OUT! 5-4
Angel Escobar to second
Batting: RHB A.J. Hill 0-0: Intentional Walk
Batting: LHB Lazaro Vilella 0-0: Ball
1-0: TRIPLE (Flyball, 89XD, EV 108.1 MPH)
Angel Escobar scores
A.J. Hill scores
Batting: RHB Gus Polidor 0-0: Called Strike
0-1: Foul Ball, location: 2F
0-2: Foul Ball, location: 2F
0-2: Ball
1-2: Ball
Passed Ball!
Lazaro Vilella scores
2-2: Ground out 5-3 (Groundball, 15, EV 88.1 MPH)
Pitching: LHP Gregory Carne
Batting: RHB Juan Picart 0-0: Ground out 4-3 (Groundball, 4, EV 83.8 MPH)
Top of the 9th over - 3 runs, 1 hit, 0 errors, 0 left on base; Fargo 8 - Minot 4
BOTTOM OF THE 9TH
Minot Jets batting - Pitching for Fargo Brewmasters : RHP Steven Stone
Pitching: RHP John Christiansen
Batting: RHB Hugo Olivas 0-0: Ball
1-0: Ball
2-0: Fly out, F8 (Flyball, 78M, EV 80.0 MPH)
Batting: RHB Tony Beal 0-0: Fly out, F8 (Line Drive, 8RM, EV 101.9 MPH)
Batting: RHB William Phillips 0-0: Ball
1-0: Ball
2-0: Ball
3-0: Called Strike
3-1: Base on Balls
Batting: LHB Douglas Reibel 0-0: SINGLE (Line Drive, 34D, EV 103.8 MPH)
William Phillips to second
Batting: RHB Roberto Balaguer 0-0: Ball
1-0: Ball
2-0: Ball
3-0: Base on Balls
William Phillips to third
Douglas Reibel to second
Pitching: LHP Pat Larkin
Batting: RHB David Griego 0-0: Fielders Choice at 2nd, 6-4 (Groundball, 6, EV 92.5 MPH)
Bottom of the 9th over - 0 runs, 1 hit, 0 errors, 3 left on base; Fargo 8 - Minot 4
Monday, August 17th, 2020 - OOTP Baseball 21.5 Build 76